 Dungeon Crawl Stone Soup version 0.27.1-1-g398f81649c (webtiles) character file.

Game seed: 441087680497485347

105 MisterFreud the Shield-Bearer (level 4, -1/41 HPs)
             Began as a Gnoll Fighter on Sept 15, 2021.
             Was a Believer of Yredelemnul.
             Slain by an orc (5 damage)
             ... on level 3 of the Dungeon.
             The game lasted 00:02:48 (2344 turns).

MisterFreud the Shield-Bearer (Gnoll Fighter)       Turns: 2344, Time: 00:02:49

Health: -1/41      AC:  7    Str: 14 (15) XL:     4   Next: 81%
Magic:  5/5        EV:  7    Int:  6 (8)  God:    Yredelemnul [**....]
Gold:   62         SH:  9    Dex:  9 (12) Spells: 5/5 levels left

rFire    . . .     SeeInvis .   a - +0 rapier
rCold    . . .     Faith    .   c - +0 kite shield
rNeg     . . .     Spirit   .   b - +0 scale mail
rPois    .         Reflect  .   (no helmet)
rElec    .         Harm     .   (no cloak)
rCorr    .         Rampage  .   (no gloves)
Will     .....                  (no boots)
Stlth    ..........             (no amulet)
HPRegen  0.13/turn              (no ring)
MPRegen  0.09/turn              (no ring)

@: no status effects
A: fangs 1, strong nose, distributed training
a: Renounce Religion, Animate Remains, Recall Undead Slaves, Injury Mirror


You were on level 3 of the Dungeon.
You worshipped Yredelemnul.
Yredelemnul was pleased with you.
You visited 1 branch of the dungeon, and saw 3 of its levels.

You collected 62 gold pieces.

Inventory:

Hand Weapons
 a - a +0 rapier (weapon)
Missiles
 k - 14 poisoned darts (quivered)
Armour
 b - a +0 scale mail (worn)
 c - a +0 kite shield (worn)
Scrolls
 f - a scroll of enchant armour {unknown}
 h - a scroll of identify {unknown}
 i - a scroll of torment {unknown}
 j - a scroll of teleportation {unknown}
 m - a scroll of amnesia {unknown}
Potions
 d - 2 potions of might


   Skills:
 + Level 6.6 Fighting
 + Level 4.7 Short Blades
 + Level 1.2 Long Blades
 + Level 1.2 Axes
 + Level 1.2 Maces & Flails
 + Level 1.2 Polearms
 + Level 1.2 Staves
 + Level 1.2 Slings
 + Level 1.2 Bows
 + Level 1.2 Crossbows
 + Level 1.2 Throwing
 + Level 6.6 Armour
 + Level 1.2 Dodging
 + Level 1.2 Stealth
 + Level 6.6 Shields
 + Level 1.2 Unarmed Combat
 + Level 1.2 Spellcasting
 + Level 1.0 Conjurations
 + Level 1.0 Hexes
 + Level 1.0 Summonings
 + Level 1.0 Necromancy
 + Level 1.0 Translocations
 + Level 1.0 Transmutations
 + Level 1.0 Fire Magic
 + Level 1.0 Ice Magic
 + Level 1.0 Air Magic
 + Level 1.0 Earth Magic
 + Level 1.0 Poison Magic
 + Level 1.4 Invocations
 + Level 1.2 Evocations


You had 5 spell levels left.
You didn't know any spells.
Your spell library contained the following spells:

 Spells                   Type           Power      Damage    Failure   Level
 Beastly Appendage        Tmut           2%         N/A       97%         1
 Blink                    Tloc           N/A        N/A       99%         2
 Slow                     Hex            1%         N/A       99%         2
 Wereblood                Tmut           1%         N/A       99%         2
 Confusing Touch          Hex            1%         N/A       100%        3
 Lesser Beckoning         Tloc           0%         N/A       100%        3
 Spider Form              Tmut/Pois      0%         N/A       100%        3
 Vampiric Draining        Necr           0%         2d6       100%        3
 Manifold Assault         Tloc           1%         N/A       100%        5


Dungeon Overview and Level Annotations

Branches:
Dungeon (3/15)

Altars:
Uskayaw
Yredelemnul

Shops:
D:3 [

Annotations:
D:3 2 runed translucent doors, Nanban's ghost, amateur OgGl


Innate Abilities, Weirdness & Mutations

You have very sharp teeth.
Your uncanny sense of smell can sniff out nearby items.
Your experience applies equally to all skills.


Message History

The orc wizard hits you with a +0 dagger of venom.
You are more poisoned.
You feel very sick.
You feel very sick.
The orc wizard hits you but does no damage.
You feel very sick.
The orc wizard gestures at you while chanting.
You resist with some effort.
You open the door.
You feel sick. You block the orc's attack.
You feel sick. The orc wizard casts a spell at you.
You are confused.
There is an open door here.
You bump into the rock wall.
You feel sick. The orc hits you but does no damage.
The orc hits you with a +0 whip.
You feel sick.
You bump into the rock wall.
You feel sick. The orc closely misses you.
You hit the orc but do no damage.
You feel sick. The orc barely misses you.
You hit the orc but do no damage.
You feel sick. The orc hits you with a +0 mace.
* * * LOW HITPOINT WARNING * * *
You bump into the rock wall.
You feel sick.
You are no longer poisoned.
The orc hits you with a +0 mace.
* * * LOW HITPOINT WARNING * * *
The orc wizard mumbles some strange words.
The orc wizard flickers and vanishes!
Deactivating autopickup; reactivate with Ctrl-A.
Unknown command.
It was a potion of degeneration.
There was something very wrong with that liquid.
You feel weakened.
You feel dopey.
You feel clumsy.
You feel less confused. The orc hits you with a +0 mace.
* * * LOW HITPOINT WARNING * * *
It was a potion of magic.
Magic courses through your body. The orc hits you but does no damage.
The orc hits you with a +0 mace.
You die...
Your body rises from the dead as a mindless zombie.

#.)......#....#
#.#
#........#....#
#.#
#........#....#
#.#
#........#....#
#.#
∆#........######
#.# ####o#####
#.# #.# #o# #@#
#.# #.# #.. ###


You could see 2 orcs.

Vanquished Creatures
  An orc wizard (D:3)
  2 adders (D:2)
  2 worms
  2 dart slugs (D:1)
  2 bats
  6 endoplasms
  3 giant cockroaches (D:1)
  A goblin (D:2)
  8 hobgoblins
  4 jackals (D:2)
  5 kobolds
  3 quokkas (D:1)
  2 ball pythons
  A frilled lizard (D:2)
  6 rats
48 creatures vanquished.

Vanquished Creatures (others)
  A withered plant (D:2)
1 creature vanquished.

Grand Total: 49 creatures vanquished

Notes
Turn   | Place    | Note
-------+----------+-------------------------------------------
     0 | D:1      | MisterFreud the Gnoll Fighter began the quest for the Orb.
     0 | D:1      | Reached XP level 1. HP: 23/23 MP: 1/1
   132 | D:1      | Reached XP level 2. HP: 24/29 MP: 2/2
   489 | D:1      | Reached XP level 3. HP: 35/35 MP: 3/3
   830 | D:2      | Found a faded altar of an unknown god.
   860 | D:2      | Became a worshipper of Yredelemnul the Dark
   860 | D:2      | Reached * piety under Yredelemnul
   908 | D:2      | Reached skill level 1 in Invocations
  1273 | D:2      | Reached skill level 1 in Long Blades
  1273 | D:2      | Reached skill level 1 in Axes
  1273 | D:2      | Reached skill level 1 in Maces & Flails
  1273 | D:2      | Reached skill level 1 in Polearms
  1273 | D:2      | Reached skill level 1 in Staves
  1273 | D:2      | Reached skill level 1 in Slings
  1273 | D:2      | Reached skill level 1 in Bows
  1273 | D:2      | Reached skill level 1 in Crossbows
  1273 | D:2      | Reached skill level 1 in Throwing
  1273 | D:2      | Reached skill level 1 in Dodging
  1273 | D:2      | Reached skill level 1 in Stealth
  1273 | D:2      | Reached skill level 1 in Unarmed Combat
  1273 | D:2      | Reached skill level 1 in Spellcasting
  1273 | D:2      | Reached skill level 1 in Evocations
  1309 | D:2      | Found a hide-covered altar of Uskayaw.
  1316 | D:2      | Reached XP level 4. HP: 35/41 MP: 5/5
  2007 | D:3      | Found Limebb's Antique Armour Shoppe.
  2017 | D:3      | Reached ** piety under Yredelemnul
  2242 | D:3      | Found a large runed translucent door.
  2242 | D:3      | Found a large runed translucent door.
  2246 | D:3      | Noticed Nanban's ghost (amateur OgGl)
  2329 | D:3      | Reached skill level 1 in Conjurations
  2329 | D:3      | Reached skill level 1 in Hexes
  2329 | D:3      | Reached skill level 1 in Summonings
  2329 | D:3      | Reached skill level 1 in Necromancy
  2329 | D:3      | Reached skill level 1 in Translocations
  2329 | D:3      | Reached skill level 1 in Transmutations
  2329 | D:3      | Reached skill level 1 in Fire Magic
  2329 | D:3      | Reached skill level 1 in Ice Magic
  2329 | D:3      | Reached skill level 1 in Air Magic
  2329 | D:3      | Reached skill level 1 in Earth Magic
  2329 | D:3      | Reached skill level 1 in Poison Magic
  2344 | D:3      | Slain by an orc

Illustrated notes

Levels and vault maps discovered:
D:1:      dpeg_arrival_water_fire, layout_loops_ring
D:2:      layout_rooms, basic_altar, ebering_ecumenical_altar_petrified,
          minmay_misc_feat_roman
D:3:      layout_basic, ebering_ghost_disaster_area, serial_shops,
          nicolae_shop_trees

Skill      XL: |  1  2  3  4 |
---------------+-------------+-----
Invocations    | 1 |  1.4
Long Blades    | 1 |  1.2
Axes           | 1 |  1.2
Maces & Flails | 1 |  1.2
Polearms       | 1 |  1.2
Staves         | 1 |  1.2
Slings         | 1 |  1.2
Bows           | 1 |  1.2
Crossbows      | 1 |  1.2
Throwing       | 1 |  1.2
Dodging        | 1 |  1.2
Stealth        | 1 |  1.2
Unarmed Combat | 1 |  1.2
Spellcasting   | 1 |  1.2
Evocations     | 1 |  1.2
Conjurations   | 1 |  1.0
Hexes          | 1 |  1.0
Summonings     | 1 |  1.0
Necromancy     | 1 |  1.0
Translocations | 1 |  1.0
Transmutations | 1 |  1.0
Fire Magic     | 1 |  1.0
Ice Magic      | 1 |  1.0
Air Magic      | 1 |  1.0
Earth Magic    | 1 |  1.0
Poison Magic   | 1 |  1.0
Fighting       | |  6.6
Short Blades   | |  4.7
Armour         | |  6.6
Shields        | |  6.6

Action                   |  1- 3 |  4- 6 || total
-------------------------+-------+-------++-------
Melee: Rapier            |   109 |    54 ||   163
       Bite              |    10 |     4 ||    14
  Use: Potion            |       |     3 ||     3
Armor: Scale mail        |    48 |    26 ||    74
Dodge: Dodged            |    30 |    20 ||    50
Block: Kite shield       |    54 |    19 ||    73
